Map: Bridgehead LE (Void)

Players

SticklerMac - Winner!

  • Race: Zerg Zerg
  • League: Silver

Innovation

  • Race: Terran Terran
  • League: Silver

VOD

Have the link to the VOD?

Description

Time

  • Played on: Oct. 1, 2015, 2:14 p.m.
  • Length: 8:50
Show
View Real Time Build Order
Export as new Build Order

SticklerMac Zerg - Winner!

Build Orders: Hatch First 

Get SALT Encoding   

  12  0:01  Drone  
  13  0:08  Drone  
  14  0:17  Overlord  
  14  0:36  Drone x3  
  17  0:55  Hatchery  
  16  0:58  Drone x2  
  16  1:03  Extractor  
  17  1:15  Spawning Pool  
  16  1:20  Drone x2  
  18  1:30  Drone  
  19  1:42  Drone  
  20  1:52  Overlord  
  20  2:03  Metabolic Boost  
  20  2:04  Queen  
  20  2:07  Queen  
  24  2:08  Drone  
  24  2:14  Drone x2  
  27  2:28  Roach Warren  
  27  2:29  Drone  
  27  2:31  Drone  
  27  2:33  Drone  
  29  2:37  Drone  
  29  2:40  Drone  
  31  2:46  Drone  
  31  2:50  Drone  
  33  2:58  Drone  
  33  3:00  Extractor  
  33  3:02  Drone  
  33  3:03  Lair  
  33  3:04  Evolution Chamber  
  33  3:06  Drone  
  34  3:17  Drone x2  
  36  3:29  Overlord x3  
  36  3:36  Spine Crawler  
  36  3:37  Spine Crawler  
  36  3:38  Roach  
  36  3:49  Roach x4  
  36  3:51  Drone x2  
  36  3:52  Drone  
  36  3:54  Drone  
  48  3:58  Drone  
  49  4:04  Drone x3  
  49  4:05  Drone  
  49  4:08  Drone  
  49  4:09  Extractor  
  53  4:11  Drone  
  53  4:16  Overseer  
  54  4:22  Drone  
  54  4:23  Drone x4  
  59  4:24  Drone  
  60  4:32  Zerg Missile Weapons Level 1  
  60  4:33  Glial Reconstitution  
  60  4:36  Overlord  
  60  4:38  Overlord  
  60  4:43  Extractor  
  59  4:48  Spore Crawler  
  58  5:02  Roach x5  
  58  5:03  Roach x3  
  74  5:11  Roach  
  74  5:14  Overlord x3  
  76  5:17  Overlord  
  76  5:41  Roach x9  
  94  6:00  Roach  
  94  6:01  Roach x6  
  108  6:12  Overlord x4  
  108  6:13  Overlord  
  108  6:33  Ravager x5  
  108  6:34  Ravager x4  
  108  6:36  Roach x2  
  108  6:39  Queen  
  96  7:17  Roach x7  
  97  7:32  Roach  
  89  8:02  Roach x5  
  84  8:16  Roach  
Show
View Real Time Build Order
Export as new Build Order

Innovation Terran 

Build Orders:  

Get SALT Encoding   

  12  0:01  SCV  
  13  0:13  SCV  
  14  0:18  Supply Depot  
  14  0:25  SCV  
  15  0:39  SCV  
  15  0:41  Barracks  
  16  0:47  Refinery  
  16  0:51  SCV  
  17  1:03  SCV  
  18  1:15  SCV  
  19  1:30  Command Center  
  19  1:35  SCV, Marine  
  21  1:47  Orbital Command  
  21  1:56  Factory  
  21  2:04  Marine  
  21  2:08  Supply Depot  
  22  2:13  SCV  
  23  2:31  SCV, Marine  
  25  2:37  Refinery  
  25  2:40  Factory Tech Lab  
  25  2:43  SCV  
  26  2:44  Refinery  
  26  2:45  Refinery, Starport  
  26  2:49  Marine  
  27  2:51  SCV  
  27  2:57  SCV  
  29  3:03  Orbital Command  
  29  3:10  SCV  
  30  3:15  Siege Tank  
  30  3:16  Marine  
  34  3:22  SCV  
  34  3:23  Starport Reactor  
  35  3:29  SCV  
  37  3:34  SCV, Marine  
  38  3:44  SCV  
  38  3:46  SCV  
  38  3:47  Siege Tank  
  43  3:56  SCV  
  43  3:57  Marine  
  43  3:58  SCV  
  46  4:07  Supply Depot  
  46  4:09  Supply Depot  
  46  4:20  Barracks  
  46  4:21  Barracks  
  46  4:26  Command Center  
  46  4:28  SCV  
  46  4:30  SCV  
  48  4:34  Medivac  
  50  4:38  Medivac  
  50  4:41  SCV  
  56  4:45  Siege Tank  
  56  4:47  SCV  
  57  4:53  SCV  
  58  5:00  Barracks Tech Lab  
  58  5:02  SCV  
  58  5:05  SCV, Medivac  
  62  5:08  Barracks Reactor  
  62  5:09  Barracks Reactor  
  62  5:14  Supply Depot  
  62  5:15  Supply Depot  
  62  5:24  Supply Depot  
  62  5:27  SCV x2, Siege Tank, Medivac  
  69  5:30  Marine  
  70  5:36  Medivac  
  70  5:37  Engineering Bay  
  70  5:40  SCV  
  70  5:41  SCV, Engineering Bay  
  74  5:57  Marine x5  
  79  6:07  SCV x2  
  81  6:14  Marine  
  81  6:15  Marine x3  
  85  6:19  SCV x2  
  85  6:22  Marine  
  85  6:23  Medivac x2  
  92  6:31  SCV x2  
  92  6:32  Marine  
  94  6:33  Marine x3  
  94  6:38  Siege Tank  
  101  6:40  Marine  
  102  6:50  Marine x3  
  102  6:51  Marine  
  99  7:08  Marine x2  
  99  7:09  Marine x3  
  74  7:26  Siege Tank, Marine x3  
  74  7:27  Marine x2  
  53  8:23  Marine  
  53  8:24  Marine x3  
  51  8:40  Factory Tech Lab  
Tags
 
Add a new tag
Caveats
  • Supply blocks, unpowered buildings, or Contaminate may cause inaccurate times.
  • Supply counts are checked every 10 seconds.